 Dungeon Crawl Stone Soup version 0.20-a0-210-gd6c29eb (webtiles) character file.

244 Gorice the Gusty (level 5, -1/31 HPs)
             Began as a High Elf Air Elementalist on Nov 26, 2016.
             Killed by their own static electricity (3 damage)
             ... on level 4 of the Dungeon.
             The game lasted 00:14:20 (3516 turns).

Gorice the Gusty (High Elf Air Elementalist)        Turns: 3516, Time: 00:14:21

Health: -1/31      AC:  5    Str:  7    XL:     5   Next: 83%
Magic:  0/12       EV: 13    Int: 19    God:
Gold:   152        SH:  0    Dex: 16    Spells: 4/12 levels left

rFire  . . .     SeeInvis .     (no weapon)
rCold  . . .     Gourm    .     a - +0 robe
rNeg   . . .     Faith    .     (no shield)
rPois  .         Spirit   .     k - +2 helmet
rElec  .         Reflect  .     (no cloak)
rCorr  .         Harm     .     (no gloves)
MR     .....                    (no boots)
Stlth  ++........               (no amulet)
                                (no ring)
                                (no ring)

@: lethally poisoned (-1 -> -6)
A: no striking features
a: no special abilities


You were on level 4 of the Dungeon.
You were hungry.

You visited 1 branch of the dungeon, and saw 4 of its levels.

You collected 152 gold pieces.

Inventory:

Hand Weapons
 g - a +0 flail
Missiles
 Z - 118 stones (quivered)
Armour
 a - a +0 robe (worn)
 j - a +0 scale mail
 k - a +2 helmet (worn)
Scrolls
 d - a scroll of identify
 e - a scroll of fear {unknown}
 h - a scroll of teleportation {unknown}
 i - a scroll of recharging
 l - 2 scrolls of remove curse
 o - a scroll of immolation {unknown}
Potions
 p - a potion of mutation {!q}
Books
 b - a book of Air
Comestibles
 c - 4 bread rations {!e}
 f - 3 meat rations {!e}
 m - 4 chunks of flesh
 n - 4 fruits


   Skills:
 - Level 2.1 Dodging
 - Level 2.1 Stealth
 + Level 4.3 Spellcasting
 * Level 4.5 Conjurations
 * Level 4.7 Air Magic


You had 4 spell levels left.
You knew the following spells:

 Your Spells              Type           Power        Failure   Level  Hunger
a - Shock                 Conj/Air       ###.         1%          1    None
b - Static Discharge      Conj/Air       ###.....     8%          3    ###....
M - Repel Missiles        Chrm/Air       ##....       10%         2    #......
S - Swiftness             Chrm/Air       ##......     10%         2    #......


Dungeon Overview and Level Annotations

Branches:
Dungeon (4/15)
 Temple: D:4-7

Altars:
Fedhas
Xom

Annotations:
D:4 Blork the orc; Wiebster667's ghost, amateur MiBe


Message History

The puff of flame hits you!
Damage: 7 (max 7) Blork the orc casts a spell at you.
The puff of flame hits you!
* * * LOW HITPOINT WARNING * * *
Damage: 12 (max 12)
You hear the slow hiss of a distant avalanche of sand.
Blork the orc casts a spell.
Blork the orc seems to speed up.
Blork the orc casts a spell at you. The puff of flame hits you!
* * * LOW HITPOINT WARNING * * *
Damage: 3 (max 3)
Casting: Shock
Confirm with . or Enter, or press ? or * to list all spells.
Aiming: Shock
Press: ? - help, Shift-Dir - straight line The zap hits Blork the orc.
Blork the orc is lightly wounded.
The zap hits Blork the orc.
Blork the orc is lightly wounded.
Casting: Shock
Confirm with . or Enter, or press ? or * to list all spells.
Aiming: Shock
Press: ? - help, Shift-Dir - straight line The zap misses Blork the orc.
Blork the orc points at you and mumbles some strange words.
The puff of flame hits you!
* * * LOW HITPOINT WARNING * * *
Damage: 5 (max 5)
Casting: Shock
Confirm with . or Enter, or press ? or * to list all spells.
Aiming: Shock
Press: ? - help, Shift-Dir - straight line The zap hits Blork the orc.
Blork the orc is moderately wounded.
Blork the orc hits you with a dire flail of venom.
* * * LOW HITPOINT WARNING * * *
You are lethally poisoned!
Damage: 4 (max 5) Unknown command.
Casting: Shock
Confirm with . or Enter, or press ? or * to list all spells.
You don't know that spell.
Casting: Shock
Confirm with . or Enter, or press ? or * to list all spells.
Blork the orc is struck by lightning.
Blork the orc is severely wounded.
The lightning arcs!
You are struck by lightning.
You die...

##################
............o....#
.......#########.#
######.# #.# # #.#
#o# # #o# #@# .
... #.# .. ... #.#
... ...# #.# #.#
#.# #.# #.#


You could see Blork the orc.

Vanquished Creatures
  A bullfrog skeleton (D:4)
  An orc priest (D:3)
  Robin (D:2)
  A gnoll (D:1)
  4 adders
  An ooze (D:1)
  2 worms (D:2)
  3 dart slugs
  5 leopard geckos
  6 orcs (D:3)
  3 ball pythons
  11 bats
  8 giant cockroaches
  14 goblins
  12 hobgoblins
  12 jackals
  A quokka (D:2)
  3 frilled lizards (D:1)
  3 kobolds
  5 rats
97 creatures vanquished.

Notes
Turn   | Place    | Note
-------+----------+-------------------------------------------
     0 | D:1      | Gorice the High Elf Air Elementalist began the quest for the Orb.
     0 | D:1      | Reached XP level 1. HP: 11/11 MP: 4/4
   271 | D:1      | Reached skill level 2 in Conjurations
   271 | D:1      | Reached XP level 2. HP: 17/17 MP: 1/6
   714 | D:1      | Reached skill level 3 in Spellcasting
  1157 | D:2      | Noticed Robin
  1161 | D:1      | Reached XP level 3. HP: 20/21 MP: 5/8
  1175 | D:1      | Learned a level 3 spell: Static Discharge
  1421 | D:2      | Reached skill level 3 in Conjurations
  1423 | D:2      | HP: 6/21 [goblin[Robin] (3)]
  1476 | D:1      | HP: 4/21 [hobgoblin/club[Robin] (4)]
  1723 | D:1      | HP: 6/21 [hobgoblin (4)]
  1754 | D:1      | Reached XP level 4. HP: 11/27 MP: 3/10
  1965 | D:1      | Learned a level 2 spell: Repel Missiles
  1968 | D:1      | Learned a level 2 spell: Swiftness
  2042 | D:2      | Killed Robin
  2263 | D:2      | Found a shimmering altar of Xom.
  2316 | D:2      | Found a blossoming altar of Fedhas.
  2377 | D:2      | Reached skill level 4 in Air Magic
  2489 | D:2      | Reached skill level 4 in Spellcasting
  2586 | D:2      | Reached XP level 5. HP: 31/31 MP: 10/12
  3154 | D:3      | Reached skill level 4 in Conjurations
  3482 | D:4      | Noticed Wiebster667's ghost (amateur MiBe)
  3498 | D:4      | Noticed Blork the orc
  3514 | D:4      | HP: 6/31 [Blork the orc/puff of flame (5)]
  3515 | D:4      | HP: 2/31 [Blork the orc/dire flail of venom (4)]
  3516 | D:4      | Killed from afar by themself

Vault maps used:
D:1:      lightli_arrival_isolated_outpost
D:2:      lemuel_doored_altar, fedhas_altar_2, uniq_robin
D:4:      kennysheep_six_static_rooms, enter_ossuary_2, uniq_blork_the_orc

Skill      XL: |  1  2  3  4  5 |
---------------+----------------+-----
Conjurations   | 2 3 4 |  4.5
Spellcasting   | 3 4 |  4.3
Air Magic      | 4 |  4.7
Dodging        | |  2.1
Stealth        | |  2.1

Action                   |  1- 3 |  4- 6 || total
-------------------------+-------+-------++-------
Melee: Unarmed           |     4 |     2 ||     6
Throw: Stone             |     5 |       ||     5
 Cast: Shock             |    70 |    99 ||   169
       Static Discharge  |     6 |     3 ||     9
  Use: Scroll            |       |     4 ||     4
  Eat: Chunk             |     3 |     5 ||     8
Armor: Robe              |     9 |     1 ||    10
Dodge: Dodged            |    42 |    12 ||    54

Table legend:
 A = Turns spent in this place as a percentage of turns spent in the entire game.
 B = Non-inter-level travel turns spent in this place as a percentage of non-inter-level travel turns spent in the entire game.
 C = Inter-level travel turns spent in this place as a percentage of turns spent in this place.
 D = Turns resting spent in this place as a percentage of non-inter-level travel turns spent in this place.
 E = Turns spent auto-exploring this place as a percentage of non-inter-level travel turns spent in this place.
 F = Non-inter-level travel turns spent in this place divided by the number of levels of this place that you've seen.
                   A       B       C       D       E      F
               +-------+-------+-------+-------+-------+----------------------
         Total | 100.0 | 100.0 |   0.5 |   4.5 |   7.4 | 240.2
       Dungeon | 100.0 | 100.0 |   0.5 |   4.5 |   7.4 | 240.2
               +-------+-------+-------+-------+-------+----------------------

Vault maps used:
D:1:      lightli_arrival_isolated_outpost
D:2:      lemuel_doored_altar, fedhas_altar_2, uniq_robin
D:4:      kennysheep_six_static_rooms, enter_ossuary_2, uniq_blork_the_orc
